 Dungeon Crawl Stone Soup version 0.31.0-32-g396128a36d (webtiles) character file.

Game seed: 16657014913506536612

47 Alphaeus the Ruffian (level 3, -3/33 HPs)
             Began as a Troll Shapeshifter on Mar 18, 2024.
             Slain by a gnoll
             ... wielding a +0 spear
              (8 damage)
             ... on level 2 of the Dungeon.
             The game lasted 00:01:15 (817 turns).

Alphaeus the Ruffian (Troll Shapeshifter)            Turns: 817, Time: 00:01:16

Health: -3/33      AC:  4    Str: 22    XL:     3   Next: 48%
Magic:  2/2        EV:  9    Int:  8    God:
Gold:   118        SH:  0    Dex:  9    Spells: 2/2 levels left

rFire   . .          .
                       - Unarmed
rCold   . . .        (no shield)
rNeg    . . .        a - +0 animal skin
rPois   .            (helmet currently unavailable)
rElec   .            (cloak currently unavailable)
rCorr   .            (gloves unavailable)
SInv    .            (boots unavailable)
Will    .....        (no amulet)
Stlth   +            (no ring)
HPRegen 1.05/turn    (no ring)
MPRegen 0.08/turn

%: no passive effects
@: beast-form
A: beast (slay +2), large, unfitting armour, claws 3, regeneration 1, shaggy fur
1, tough skin 1
a: Begin Untransformation


You were on level 2 of the Dungeon.
You were a hulking beast.
You visited 1 branch of the dungeon, and saw 2 of its levels.

You collected 140 gold pieces.
You spent 22 gold pieces at shops.

Inventory:

Armour
 a - a +0 animal skin (worn)
Talismans
 c - a beast talisman
 d - a flux talisman
Scrolls
 g - a scroll of teleportation {unknown}
 h - a scroll of brand weapon {unknown}
 j - 3 scrolls of identify
 l - a scroll of torment {unknown}
Potions
 b - a potion of lignification
 e - a potion of might {unknown}
 f - 2 potions of brilliance {unknown}
 i - 3 potions of curing {unknown}
 k - a potion of berserk rage {unknown}


   Skills:
 + Level 1.3 Fighting
 - Level 1.5 Dodging
 * Level 3.7 Unarmed Combat
 * Level 3.5 Shapeshifting


You had 2 spell levels left.
You didn't know any spells.
Your spell library contained the following spells:

 Spells                   Type           Power      Damage    Failure   Level
 Necrotise                Necr           0%         1d4       41%         1
 Cigotuvi's Dreadful Rot  Necr/Alch/Air  0%         N/A       54%         2
 Vampiric Draining        Necr           0%         2d6       78%         3
 Ignite Poison            Fire/Alch      0%         N/A       99%         4
 Martyr's Knell           Necr/Summ      0%         N/A       99%         4
 Alistair's Intoxication  Alch           0%         N/A       100%        5
 Borgnjor's Vile Clutch   Necr/Erth      0%         N/A       100%        5
 Curse of Agony           Necr           0%         N/A       100%        5
 Freezing Cloud           Conj/Ice/Air   0%         6-21      100%        5
 Eringya's Noxious Bog    Alch           0%         4d6       100%        6


Dungeon Overview and Level Annotations

Branches:
Dungeon (2/15)

Altars:

Shops:
D:1 *


Innate Abilities, Weirdness & Mutations

You are a hulking beast.
Your limbs bulge with bestial killing power. (Slay +2)
You are too large for most types of armour.
You have claws for hands.
Your natural rate of healing is unusually fast.
You are covered in fur. (AC +1)
You have tough skin. (AC +1)


Message History

You are held in a net!
You are held in a net!
You are held in a net!
You are held in a net!
You are held in a net!
You are held in a net!
There are monsters nearby!
You struggle against the net.
The goblin shoots a sling bullet.
The sling bullet hits you.
You tear a large gash into the net.
The goblin shoots a sling bullet.
The sling bullet hits you but does no damage.
You shred the net and break free! The gnoll hits you with a +0 flail.
The goblin shoots a sling bullet.
The sling bullet barely misses you.
You claw the gnoll!
The gnoll is almost dead.
The goblin shoots a sling bullet.
The sling bullet hits you.
You barely miss the gnoll.
The goblin shoots a sling bullet.
The sling bullet hits you.
You closely miss the gnoll. The gnoll barely misses you.
The gnoll throws a throwing net.
The throwing net hits you.
You become entangled in the net!
The goblin shoots a sling bullet.
The sling bullet hits you but does no damage.
You tear a large gash into the net.
The gnoll hits you from afar with a +0 spear.
You struggle against the net.
The gnoll completely misses you. The gnoll barely misses you.
The gnoll hits you from afar with a +0 spear.
The goblin unwields a +0 sling.
The goblin wields a +0 club.
The goblin barely misses you.
You shred the net and break free! The gnoll hits you with a +0 flail!
* * * LOW HITPOINT WARNING * * *
The gnoll hits you but does no damage.
The gnoll hits you with a +1 flail of venom.
* * * LOW HITPOINT WARNING * * *
The goblin closely misses you.
You claw the gnoll!
You kill the gnoll!
The gnoll closely misses you.
The gnoll hits you from afar with a +0 spear!
You die...

.......##.....#
####†..##.....+
#...##.....#
#...##...).######
####...##...$.....<#
.......##..........#
...................#
.....##.###........#
.....#..# #.....h).#
.....+.## #.....gg.#
.....# #.......g...
.....# #.........###
.....+ ...#######.#
.....# ###. .#
###+## # #


You could see 2 gnolls and a goblin.

Vanquished Creatures
  A gnoll (D:2)
  An adder (D:2)
  A ribbon worm (D:2)
  2 dart slugs (D:2)
  4 ball pythons
  A bat (D:1)
  2 endoplasms (D:1)
  2 giant cockroaches (D:1)
  2 goblins (D:1)
  2 hobgoblins
  A kobold (D:1)
  10 frilled lizards (D:1)
  6 rats
35 creatures vanquished.

Notes
Turn   | Place    | Note
-------+----------+-------------------------------------------
     0 | D:1      | Alphaeus the Troll Shapeshifter began the quest for the
                  | Orb.
     0 | D:1      | Reached XP level 1. HP: 18/18 MP: 0/0
    72 | D:1      | Reached skill level 1 in Fighting
    78 | D:1      | Found a faded altar of an unknown god.
    85 | D:1      | Reached XP level 2. HP: 24/27 MP: 1/1
   374 | D:1      | Found Zusmes's General Store.
   379 | D:1      | Bought a scroll of identify for 22 gold pieces
   675 | D:2      | Reached XP level 3. HP: 33/33 MP: 2/2
   817 | D:2      | Slain by a gnoll

Illustrated notes

Levels and vault maps discovered:
D:1:      heliophobic_arrival_glass_houses, layout_rooms, serial_shops,
          nicolae_shop_back_alley_shop, hellmonk_ecumenical_altar_lost_god,
          minmay_lizard_king
D:2:      layout_basic

Skill      XL: |  1 |
---------------+----+-----
Fighting       | 1 |  1.3
Dodging        | |  1.5
Unarmed Combat | |  3.7
Shapeshifting  | |  3.5

Action                     || total
---------------------------++-------
  Melee: Unarmed           ||   103
         Punch             ||     2
 Armour: Animal skin       ||    84
  Dodge: Dodged            ||    74
